 Dungeon Crawl Stone Soup version 0.22.0-75-g3901e7991e (webtiles) character file.

121 Descartes the Changer (level 5, -2/33 HPs)
             Began as an Octopode Transmuter on Sept 13, 2018.
             Slain by an ogre
             ... wielding a +0 giant club
              (17 damage)
             ... on level 3 of the Dungeon.
             The game lasted 00:08:14 (2404 turns).

Descartes the Changer (Octopode Transmuter)         Turns: 2404, Time: 00:08:14

Health: -2/33      AC:  1    Str:  9    XL:     5   Next: 5%
Magic:  19/19      EV: 13    Int: 17    God:
Gold:   77         SH:  0    Dex: 12    Spells: 8/11 levels left

rFire    . . .     SeeInvis .     - Unarmed
rCold    . . .     Gourm    .   (no shield)
rNeg     . . .     Faith    .   (helmet restricted)
rPois    .         Spirit   .   (no amulet)
rElec    .         Reflect  .   j - ring of magical power
rCorr    .         Harm     .   (no ring)
MR       .....                  (no ring)
Stlth    ++........             (no ring)
HPRegen  0.11/turn              (no ring)
MPRegen  0.16/turn              (no ring)
                                (no ring)
                                (no ring)

@: appendage (expiring)
A: almost no armour, stealthy swim, amphibious, 8 rings, constrict 8, tentacle
spike 3, camouflage 1, gelatinous body 1
a: End Transformation


You were on level 3 of the Dungeon.
You were near starving.
One of your tentacles had a temporary spike.
You visited 1 branch of the dungeon, and saw 3 of its levels.

You collected 77 gold pieces.

Inventory:

Hand Weapons
 b - a +0 hunting sling
 h - a +3 dagger
Missiles
 a - 12 arrows
 d - 9 poisoned needles
 f - 98 stones (quivered)
 o - 6 needles of sleeping
Jewellery
 j - a ring of magical power (left tentacle)
Scrolls
 e - a scroll of enchant weapon {unknown}
 i - a scroll of magic mapping {unknown}
 k - a scroll of remove curse {unknown}
 n - 2 scrolls of teleportation {unknown}
 p - a scroll of identify {unknown}
Potions
 g - a potion of heal wounds {unknown}
 l - 2 potions of haste {unknown}
Comestibles
 c - 2 rations


   Skills:
 - Level 1.0 Fighting
 - Level 2.1 Dodging
 - Level 3.0 Unarmed Combat
 + Level 3.5 Spellcasting
 + Level 3.7 Transmutations


You had 8 spell levels left.
You knew the following spells:

 Your Spells              Type           Power        Failure   Level  Hunger
a - Beastly Appendage     Tmut           ###...       3%          1    None
b - Sticks to Snakes      Tmut           ###.....     5%          2    ##.....

Your spell library contained the following spells:

 Spells                   Type           Power        Failure   Level  Hunger
 Spider Form              Tmut/Pois      #.........   22%         3    ###....
 Ice Form                 Ice/Tmut       #.......     58%         4    ####...
 Blade Hands              Tmut           ###.......   69%         5    ######.


Dungeon Overview and Level Annotations

Branches:
Dungeon (3/15)

Altars:


Innate Abilities, Weirdness & Mutations

You cannot wear most types of armour.
You are very stealthy in the water. (Stealth+)
You are amphibious.
You can wear up to eight rings at the same time.
You can use your tentacles to constrict eight enemies at once.
Your skin changes colour to match your surroundings (Stealth+).
Your rubbery body absorbs attacks. (AC +1, EV +1)
One of your tentacles bears a large vicious spike.


Message History

The orc closely misses you.
You tentacle-slap the ogre.
You pierce the ogre.
The ogre is almost dead.
The ogre closely misses you. The orc closely misses you.
You tentacle-slap the ogre but do no damage.
The ogre is almost dead.
The orc misses you. The ogre closely misses you.
You tentacle-slap the ogre but do no damage.
Your tentacle spike misses the ogre.
The ogre is almost dead.
The orc closely misses you. The ogre closely misses you.
You tentacle-slap the ogre.
The ogre is almost dead.
Your transformation is almost over.
The orc barely misses you.
You tentacle-slap the ogre but do no damage.
The ogre is almost dead.
The ogre hits you with a giant club!
Ouch! That really hurt!
You die...

.........#####..
...............#
#......รท.....##
!$####..%.!......
.......#.().....#
####(..)(.....#
#..#....###..
###....#o## .
#o@..###..#
........O## #.#
####....... ..
....###### #..
...### #.. .. .


You could see an ogre and an orc.

Vanquished Creatures
  A crimson imp (D:2)
  2 adders
  An ooze (D:2)
  3 worms (D:2)
  2 dart slugs
  2 leopard geckos
  2 orcs
  2 ball pythons
  7 bats
  7 giant cockroaches
  3 goblins
  4 hobgoblins
  A frilled lizard (D:1)
  10 kobolds
  2 rats (D:1)
49 creatures vanquished.

Notes
Turn   | Place    | Note
-------+----------+-------------------------------------------
     0 | D:1      | Descartes the Octopode Transmuter began the quest for the
                  | Orb.
     0 | D:1      | Reached XP level 1. HP: 13/13 MP: 3/3
   157 | D:1      | Reached XP level 2. HP: 14/18 MP: 3/5
   375 | D:1      | Learned a level 2 spell: Sticks to Snakes
   924 | D:1      | Reached XP level 3. HP: 21/23 MP: 6/6
  1731 | D:2      | Reached XP level 4. HP: 28/28 MP: 8/8
  2167 | D:3      | Reached XP level 5. HP: 20/33 MP: 10/10
  2175 | D:3      | Noticed an ogre
  2404 | D:3      | Slain by an ogre

Skill      XL: |  1  2  3 |
---------------+----------+-----
Transmutations | 3 |  3.7
Spellcasting   | 3 |  3.5
Fighting       | |  1.0
Dodging        | |  2.1
Unarmed Combat | |  3.0

Action                   |  1- 3 |  4- 6 || total
-------------------------+-------+-------++-------
Melee: Unarmed           |    68 |    48 ||   116
       Constrict         |    18 |    11 ||    29
       Kick              |    15 |    12 ||    27
       Tentacles         |    10 |     6 ||    16
       Punch             |       |     1 ||     1
 Fire: Hunting sling     |     4 |    20 ||    24
 Cast: Beastly Appendage |    16 |     6 ||    22
 Stab: Sleeping          |     2 |       ||     2
  Eat: Chunk             |     3 |       ||     3
Armor: Skin              |    14 |     2 ||    16
Dodge: Dodged            |    58 |    36 ||    94
